 Dungeon Crawl Stone Soup version 0.31-a0-702-gf82c85558f (webtiles) character file.

Game seed: 15258653986550205099

3701 qw the Fighter (level 10, -2/73 HPs)
             Began as a Gargoyle Hunter on Sept 8, 2023.
             Slain by a six-headed hydra (6 damage)
             ... on level 8 of the Dungeon.
             The game lasted 00:02:35 (6754 turns).

qw the Fighter (Gargoyle Hunter)                    Turns: 6754, Time: 00:02:35

Health: -2/73      AC: 13    Str: 12 (13) XL:     10   Next: 13%
Magic:  10/10      EV: 13    Int:  8      God:
Gold:   117        SH:  0    Dex: 20 (21) Spells: 9/9 levels left

rFire   + . .        b - +0 orcbow
rCold   + . .        (shield currently unavailable)
rNeg    + . .        e - +2 robe {rC+ rF+}
rPois   inf          (helmet restricted)
rElec   +            f - scarf {repulsion}
rCorr   .            k - +0 pair of gloves
SInv    +            m - +0 pair of boots
Will    .....        o - amulet of faith
Stlth   ++           s - +4 ring of slaying {mikee}
HPRegen 0.32/turn    d - ring of see invisible
MPRegen 0.12/turn

%: repel missiles, faith
@: about to teleport
A: sickness immunity, AC +7, negative energy resistance 1, electricity
resistance, torment resistance 1, petrification resistance, antennae 1, agile 1,
deterioration 1, dopey 1, wild magic 1
a: no special abilities


You were on level 8 of the Dungeon.
You visited 2 branches of the dungeon, and saw 9 of its levels.

You collected 346 gold pieces.
You spent 229 gold pieces at shops.


Innate Abilities, Weirdness & Mutations

You are immune to sickness and miasma.
Your stone body is resilient. (AC +7)
You are immune to poison.
You resist negative energy. (rN+)
You are resistant to electric shocks. (rElec)
You are resistant to unholy torment.
You are immune to petrification.
You have a pair of small antennae on your head.
You are agile. (Dex +4, Str/Int -1)
Your body sometimes deteriorates upon taking damage.
You are dopey. (Int -2)
Your spells are a little harder to cast, but a little more powerful.


   Skills:
 - Level 13.4 Fighting
 + Level 10.7 Ranged Weapons
 - Level 1.2 Armour
 - Level 3.1 Dodging
 - Level 1.1 Stealth


You had 9 spell levels left.
You didn't know any spells.
Your spell library was empty.

Inventory:

Hand Weapons
 b - a +0 orcbow (weapon)
Armour
 e - a +2 robe of resistance (worn)
 f - a scarf of repulsion (worn)
 k - a +0 pair of gloves (worn)
 m - a +0 pair of boots (worn)
 q - a +0 cloak
 t - +0 steam dragon scales
Jewellery
 d - a ring of see invisible (right hand)
 h - a ring of protection from fire
 l - a ring of positive energy
 o - an amulet of faith (around neck)
 s - a +4 ring of slaying (left hand) {mikee}
 Y - a ring of willpower
Scrolls
 a - a scroll of identify
 j - 2 scrolls of teleportation
Potions
 c - a potion of heal wounds
 g - 3 potions of curing
 i - 2 potions of enlightenment
 n - a potion of haste
 p - a potion of resistance {unknown}
 r - a potion of lignification {unknown}

Dungeon Overview and Level Annotations

Branches:
Dungeon (8/15)             Temple (1/1) D:7            Lair (0/5) D:8

Altars:
Ashenzari
Dithmenos
Fedhas
Gozag
Hepliaklqana
Kikubaaqudgha
Makhleb
Nemelex Xobeh
Okawaru
Trog
Uskayaw
Vehumet
Wu Jian
Xom
Yredelemnul
The Shining One

Shops:
D:1 !   D:5 (:!!   D:6 *

Annotations:
D:8 1 runed translucent door, qw's ghost, novice GrHu


Message History

Qw's ghost wails.
6744 ||| FLEEEEING.
6745 ||| FLEEEEING.
You see here 8 stones.
6746 ||| FLEEEEING.
6747 ||| FLEEEEING.
6748 ||| FLEEEEING.
6749 ||| FLEEEEING.
You shoot an arrow.
The arrow barely misses the six-headed hydra.
You shoot an arrow.
The arrow completely misses the six-headed hydra.
The six-headed hydra misses you.
The six-headed hydra completely misses you.
The six-headed hydra bites you but does no damage.
The six-headed hydra closely misses you.
The six-headed hydra bites you!
Your body deteriorates!
You feel weakened. The six-headed hydra barely misses you.
You shoot an arrow.
The arrow barely misses the six-headed hydra.
The six-headed hydra bites you but does no damage.
The six-headed hydra closely misses you.
The six-headed hydra bites you.
The six-headed hydra bites you but does no damage. x2
The six-headed hydra barely misses you.
You shoot an arrow. The arrow hits the six-headed hydra!
The six-headed hydra is lightly wounded.
The six-headed hydra bites you but does no damage.
The six-headed hydra bites you. The six-headed hydra barely misses you.
The six-headed hydra bites you. The six-headed hydra bites you!
Your body deteriorates!
You feel clumsy. The six-headed hydra barely misses you.
6754 ||| READING 3 scrolls of teleportation.
As you read the scroll of teleportation, it crumbles to dust.
You feel strangely unstable. The six-headed hydra misses you.
The six-headed hydra bites you.
The six-headed hydra bites you but does no damage.
The six-headed hydra bites you.
You die...

#......# ##.....#.#
########..[..##.#
.................
########....##..#
########.#.##..#
#...............
###########.######.####.##
..........@.######.# #
.........#D.....##.####.##
.../.....#.####.##........
#######.........%.....#.##
.\...W#.(...###>#####.#
.....3#....## #.# .#
.....$+..### #.# .
.....!#..## #.. .
.\P\.\#...####### .#


You could see a six-headed hydra and qw's ghost.

Vanquished Creatures
  Pikel (D:7)
  Maggie (D:7)
  2 trolls (D:8)
  Grinder (D:5)
  3 black bears (D:5)
  A sky beast (D:6)
  An ice beast (D:7)
  2 ogres
  Blork the orc (D:4)
  A bullfrog (D:8)
  3 scorpions
  8 wights (D:7)
  A howler monkey (D:4)
  A crimson imp (D:7)
  3 jellies
  4 orc priests
  4 hounds
  Jessica (D:3)
  5 iguanas
  A sleepcap (D:6)
  4 orc wizards
  Robin (D:4)
  9 adders
  A shadow imp (D:7)
  A white imp (D:7)
  2 ufetubi
  2 worms
  2 dart slugs (D:4)
  19 orcs
  4 bats
  11 endoplasms
  5 giant cockroaches
  19 goblins
  6 hobgoblins
  4 jackals
  8 kobolds
  2 quokkas (D:1)
  5 ball pythons
  3 frilled lizards
  2 rats (D:2)
155 creatures vanquished.

Notes
Turn   | Place    | Note
-------+----------+-------------------------------------------
     0 | D:1      | qw the Gargoyle Hunter began the quest for the Orb.
     0 | D:1      | Reached XP level 1. HP: 12/12 MP: 1/1
     0 | D:1      | 0 ||| qw: Version: 0.3-a-76-g4403597
     0 | D:1      | 0 ||| qw: Game counter: 1098
     0 | D:1      | 0 ||| qw: Melee chars always use a shield: true
     0 | D:1      | 0 ||| qw: God list: Okawaru
     0 | D:1      | 0 ||| qw: Allow faded altars: false
     0 | D:1      | 0 ||| qw: Do Orc after clearing Dungeon:15 true
     0 | D:1      | 0 ||| qw: Do second Lair branch before Depths: true
     0 | D:1      | 0 ||| qw: Lair rune preference: random
     0 | D:1      | 0 ||| qw: Goals: Normal
     0 | D:1      | 0 ||| PLANNING D:1-11
   141 | D:1      | Reached XP level 2. HP: 17/17 MP: 2/2
   582 | D:1      | Reached XP level 3. HP: 21/21 MP: 3/3
   614 | D:1      | Found Kyfeibb's Distillery.
   624 | D:1      | 624 ||| SHOPLISTING potion of enlightenment (50 gold, have
                  | 41).
   624 | D:1      | 624 ||| SHOPLISTING potion of heal wounds (50 gold, have
                  | 41).
   624 | D:1      | 624 ||| SHOPLISTING potion of mutation (80 gold, have 41).
   803 | D:1      | 803 ||| UPGRADING to scarf of repulsion.
   808 | D:1      | 808 ||| READING 2 scrolls labelled OSHROU HY ULLU.
   809 | D:1      | 809 ||| READING scroll labelled FAELE SIOM.
   810 | D:1      | 810 ||| DROPPING scroll of butterflies.
  1247 | D:2      | Reached skill level 3 in Fighting
  1247 | D:2      | Reached XP level 4. HP: 28/28 MP: 4/4
  1667 | D:2      | Noticed a floating eye
  1671 | D:2      | Noticed a great orb of eyes
  1673 | D:2      | Found a faded altar of an unknown god.
  1676 | D:2      | Noticed a shining eye
  1681 | D:2      | Noticed an eye of devastation
  1859 | D:2      | 1859 ||| UPGRADING to +1 robe of resistance.
  1869 | D:2      | 1869 ||| DROPPING +0 leather armour.
  1870 | D:2      | 1870 ||| UPGRADING to ring of willpower.
  1871 | D:2      | 1871 ||| UPGRADING to ring of see invisible.
  1872 | D:2      | 1872 ||| READING scroll labelled TAUBAA JIJAG.
  1873 | D:2      | 1873 ||| DRINKING 2 glowing white potions.
  2123 | D:3      | Noticed Jessica
  2136 | D:3      | Reached XP level 5. HP: 32/32 MP: 5/5
  2140 | D:3      | Killed Jessica
  2141 | D:3      | Reached skill level 6 in Ranged Weapons
  2326 | D:3      | 2326 ||| READING 2 scrolls of identify.
  2326 | D:3      | 2326 ||| IDENTIFYING coppery potion
  2327 | D:3      | 2327 ||| DRINKING potion of experience.
  2327 | D:3      | Reached skill level 13 in Fighting
  2327 | D:3      | Reached XP level 6. HP: 52/52 MP: 6/6
  2393 | D:4      | Found an ornate altar of the Wu Jian Council.
  2751 | D:4      | HP: 10/52 [iguana (9)]
  2753 | D:4      | Reached XP level 7. HP: 12/57 MP: 7/7
  2952 | D:4      | Noticed Blork the orc
  2956 | D:4      | Killed Blork the orc
  3357 | D:4      | 3357 ||| Stepping ~*~*~tactically~*~*~ (outnumbered).
  3529 | D:4      | Noticed Robin
  3547 | D:4      | Killed Robin
  4058 | D:4      | 4058 ||| UPGRADING to +0 helmet.
  4063 | D:4      | 4063 ||| UPGRADING to +0 pair of boots.
  4068 | D:4      | 4068 ||| UPGRADING to amulet of faith.
  4073 | D:4      | 4073 ||| READING 3 scrolls labelled WOS ZUUMYKO.
  4076 | D:4      | 4076 ||| READING scroll labelled TOUMYT WOMPE.
  4077 | D:4      | 4077 ||| READING scroll labelled XIUQEJ VUIMONA.
  4078 | D:4      | 4078 ||| READING scroll labelled DOSUXAGHEI.
  4079 | D:4      | 4079 ||| READING 3 scrolls of identify.
  4079 | D:4      | 4079 ||| IDENTIFYING fuming amethyst potion
  4080 | D:4      | 4080 ||| READING 2 scrolls of identify.
  4080 | D:4      | 4080 ||| IDENTIFYING green potion
  4099 | D:5      | Entered Level 5 of the Dungeon
  4114 | D:5      | Reached skill level 1 in Armour
  4285 | D:5      | Found Goerus's Antique Weapon Shoppe.
  4297 | D:5      | 4297 ||| BUYING orcbow (94 gold).
  4297 | D:5      | Bought an orcbow for 94 gold pieces
  4297 | D:5      | 4297 ||| SWAPPING to +0 orcbow.
  4298 | D:5      | 4298 ||| DROPPING +0 shortbow.
  4350 | D:5      | Reached XP level 8. HP: 63/63 MP: 8/8
  4363 | D:5      | Noticed Grinder
  4378 | D:5      | Killed Grinder
  4484 | D:5      | Found Adaaxus's Distillery.
  4505 | D:5      | 4505 ||| BUYING potion of curing (42 gold).
  4505 | D:5      | Bought a potion of curing for 42 gold pieces
  4505 | D:5      | 4505 ||| BUYING potion of enlightenment (70 gold).
  4505 | D:5      | Bought a potion of enlightenment for 70 gold pieces
  4505 | D:5      | 4505 ||| SHOPLISTING potion of enlightenment (70 gold, have
                  | 4).
  4505 | D:5      | 4505 ||| SHOPLISTING potion of mutation (112 gold, have 4).
  4776 | D:5      | 4776 ||| READING scroll of enchant armour.
  4776 | D:5      | 4776 ||| ENCHANTING +1 robe of resistance.
  4811 | D:5      | Found Rajaa's Distillery.
  4817 | D:5      | 4817 ||| SHOPLISTING potion of curing (39 gold, have 8).
  4817 | D:5      | 4817 ||| SHOPLISTING potion of haste (130 gold, have 8).
  4817 | D:5      | 4817 ||| SHOPLISTING potion of heal wounds (65 gold, have
                  | 8).
  4817 | D:5      | 4817 ||| SHOPLISTING potion of might (52 gold, have 8).
  4880 | D:5      | Found Saihet's Book Shoppe.
  5114 | D:5      | 5114 ||| DROPPING +0 ring mail.
  5115 | D:5      | 5115 ||| READING scroll labelled IHAGEPNOTWA.
  5158 | D:6      | 5158 ||| STAIRDANCE
  5163 | D:6      | 5163 ||| STAIRDANCE
  5171 | D:6      | 5171 ||| STAIRDANCE
  5176 | D:6      | 5176 ||| STAIRDANCE
  5314 | D:6      | 5314 ||| READING scroll of enchant armour.
  5314 | D:6      | 5314 ||| ENCHANTING +0 helmet.
  5407 | D:6      | Reached XP level 9. HP: 68/68 MP: 9/9
  5578 | D:6      | Reached skill level 9 in Ranged Weapons
  5597 | D:6      | Found Reaneapn's Assorted Antiques.
  5617 | D:6      | 5617 ||| BUYING fuming inky potion (23 gold).
  5617 | D:6      | Bought a fuming inky potion for 23 gold pieces
  5617 | D:6      | 5617 ||| SHOPLISTING scroll labelled SAGERIABRO (26 gold,
                  | have 18).
  5617 | D:6      | 5617 ||| SHOPLISTING scroll of teleportation (78 gold, have
                  | 18).
  5808 | D:6      | 5808 ||| UPGRADING to +4 ring of slaying {mikee}.
  5810 | D:6      | 5810 ||| DRINKING 2 fuming dark potions.
  5810 | D:6      | Gained mutation: You are partially covered in iridescent
                  | scales. (AC +2) [potion of mutation]
  5810 | D:6      | Gained mutation: You have a pair of small horns on your
                  | head. [potion of mutation]
  5810 | D:6      | Gained mutation: You occasionally lose the ability to read
                  | scrolls when taking damage. [potion of mutation]
  5810 | D:6      | Gained mutation: You are agile. (Dex +4, Str/Int -1)
                  | [potion of mutation]
  5811 | D:6      | 5811 ||| DRINKING potion of mutation.
  5811 | D:6      | Lost mutation: You occasionally lose the ability to read
                  | scrolls when taking damage. [potion of mutation]
  5811 | D:6      | Lost mutation: You are partially covered in iridescent
                  | scales. (AC +2) [potion of mutation]
  5811 | D:6      | Lost mutation: You have a pair of small horns on your head.
                  | [potion of mutation]
  5811 | D:6      | Gained mutation: You have hidden genetic defects. [potion
                  | of mutation]
  5811 | D:6      | Gained mutation: Your spells are a little harder to cast,
                  | but a little more powerful. [potion of mutation]
  5811 | D:6      | Gained mutation: You have a pair of small antennae on your
                  | head. [potion of mutation]
  5812 | D:6      | 5812 ||| DROPPING +1 helmet.
  5813 | D:6      | 5813 ||| READING 2 scrolls of identify.
  5813 | D:6      | 5813 ||| IDENTIFYING sedimented white potion
  5941 | D:7      | Reached skill level 3 in Dodging
  5983 | D:7      | Noticed Pikel
  5984 | D:7      | 5984 ||| RETREATING.
  6005 | D:7      | Killed Pikel
  6018 | D:7      | Gained mutation: You are dopey. (Int -2) [hidden defects]
  6080 | D:7      | Found a staircase to the Ecumenical Temple.
  6081 | D:7      | 6081 ||| PLANNING TEMPLE
  6081 | D:7      | 6081 ||| UPGRADING to +0 pair of gloves.
  6095 | Temple   | Entered the Ecumenical Temple
  6096 | Temple   | 6096 ||| PLANNING D:1-11
  6139 | D:7      | Found a glowing golden altar of the Shining One.
  6254 | D:7      | Noticed Maggie
  6261 | D:7      | Killed Maggie
  6268 | D:7      | Gained mutation: Your body sometimes deteriorates upon
                  | taking damage. [hidden defects]
  6268 | D:7      | Lost mutation: You have hidden genetic defects. [hidden
                  | defects expressed]
  6432 | D:7      | Found a radiant altar of Vehumet.
  6436 | D:7      | Found a burning altar of Makhleb.
  6528 | D:7      | Found an iron altar of Okawaru.
  6529 | D:7      | 6529 ||| PLANNING OKAWARU WORSHIP
  6580 | D:7      | 6580 ||| PLANNING D:1-11
  6643 | D:8      | Found a staircase to the Lair.
  6674 | D:8      | Reached XP level 10. HP: 73/73 MP: 10/10
  6679 | D:8      | Found a runed translucent door.
  6683 | D:8      | Noticed qw's ghost (novice GrHu)
  6706 | D:8      | Noticed a six-headed hydra
  6706 | D:8      | 6706 ||| RETREATING.
  6723 | D:8      | 6723 ||| Stepping ~*~*~tactically~*~*~ (retreating).
  6737 | D:8      | 6737 ||| FLEEEEING.
  6738 | D:8      | 6738 ||| FLEEEEING.
  6739 | D:8      | 6739 ||| FLEEEEING.
  6740 | D:8      | 6740 ||| FLEEEEING.
  6741 | D:8      | 6741 ||| FLEEEEING.
  6742 | D:8      | 6742 ||| FLEEEEING.
  6743 | D:8      | 6743 ||| FLEEEEING.
  6744 | D:8      | 6744 ||| FLEEEEING.
  6745 | D:8      | 6745 ||| FLEEEEING.
  6746 | D:8      | 6746 ||| FLEEEEING.
  6747 | D:8      | 6747 ||| FLEEEEING.
  6748 | D:8      | 6748 ||| FLEEEEING.
  6749 | D:8      | 6749 ||| FLEEEEING.
  6753 | D:8      | HP: 15/73 [six-headed hydra (6)]
  6753 | D:8      | HP: 5/73 [six-headed hydra (10)]
  6754 | D:8      | 6754 ||| READING 3 scrolls of teleportation.
  6754 | D:8      | Slain by a six-headed hydra

Levels and vault maps discovered:
D:1:      ncdulo_wetmaze, layout_loops_cross, serial_shops, shop_statue
D:2:      layout_basic, hellmonk_ecumenical_altar_watching_god
D:3:      layout_rooms, uniq_jessica
D:4:      nicolae_cairo_tiling_large_dashed, layout_layer_cave,
          nzn_wu_jian_contemplation, grunt_decor_cap,
          dreamdust_mushroom_princess, nicolae_zen_rock_garden,
          minmay_divided_ellipse, uniq_blork_the_orc, uniq_robin
D:5:      layout_loops_ring, serial_shops, kennysheep_little_box,
          nicolae_lakefront_shop, nicolae_shop_tiny_statue_garden, shop,
          kennysheep_generic_room_16, uniq_grinder
D:6:      layout_loops_ring, serial_shops, nicolae_shop_advertising_works
          [nicolae_subvault_shop_adworks]
D:7:      nicolae_cairo_tiling_very_big, layout_basic,
          grunt_temple_overflow_lords_of_destruction, general_overflow_altar,
          lemuel_crystal_altar, uniq_pikel, uniq_maggie
D:8:      layout_loops_ring, lair_entry_dummy, hellmonk_ghost_big_iron,
          hellmonk_guarded_unrand_vines
Temple:   nicolae_temple_ecumenical_triangle

Skill      XL: |  1  2  3  4  5  6  7  8  9 |
---------------+----------------------------+-----
Ranged Weapons | 5 6 7 8 10 | 10.7
Fighting       | 3 13 | 13.4
Armour         | 1 |  1.2
Dodging        | 2 3 |  3.1
Stealth        | |  1.1

Action                     |  1- 3 |  4- 6 |  7- 9 | 10-12 || total
---------------------------+-------+-------+-------+-------++-------
   Fire: Shortbow          |    95 |   130 |   105 |       ||   330
         Orcbow            |       |       |   212 |    17 ||   229
    Use: Scroll            |     2 |     2 |    10 |     1 ||    15
         Potion            |       |     2 |     2 |       ||     4
 Armour: Leather armour    |    25 |     2 |       |       ||    27
         Robe              |       |    42 |   104 |    29 ||   175
  Dodge: Dodged            |    32 |    28 |   117 |    23 ||   200
         Repelled          |       |       |     1 |       ||     1

Table legend:
 A = Non-vault XP
 B = Vault XP
 C = Vault XP percentage of total XP
 D = Non-vault monster count
 E = Vault monster count
 F = Vault count percentage of total count
                 A         B        C        D         E       F
            +---------+---------+-------+---------+---------+-------
      Total |    2865 |    2223 |  43.7 |     119 |      36 |  23.2
            +---------+---------+-------+---------+---------+-------
        D:1 |      43 |       0 |   0.0 |      25 |       0 |   0.0
        D:2 |      63 |       0 |   0.0 |      16 |       0 |   0.0
        D:3 |      72 |      37 |  33.9 |      15 |       1 |   6.2
        D:4 |     250 |     211 |  45.8 |      13 |      27 |  67.5
        D:5 |     961 |     313 |  24.6 |      22 |       3 |  12.0
        D:6 |     542 |       0 |   0.0 |      13 |       0 |   0.0
        D:7 |     846 |    1078 |  56.0 |      14 |       3 |  17.6
        D:8 |      88 |     584 |  86.9 |       1 |       2 |  66.7
            +---------+---------+-------+---------+---------+-------
